 Dungeon Crawl Stone Soup version 0.19.1-1-g22dce08 (webtiles) character file.

58 JeffiDaFish the Skirmisher (level 4, -1/29 HPs)
             Began as a Gargoyle Fighter on Jan 2, 2017.
             Slain by a gnoll
             ... wielding a +0 halberd
              (5 damage)
             ... on level 2 of the Dungeon.
             The game lasted 00:01:54 (635 turns).

JeffiDaFish the Skirmisher (Gargoyle Fighter)        Turns: 635, Time: 00:01:54

Health: -1/29      AC: 10    Str: 19    XL:     4   Next: 2%
Magic:  4/4        EV:  7    Int: 14    God:
Gold:   60         SH:  8    Dex:  7    Spells: 0 memorised, 3 levels left

rFire  . . .     SeeInvis .     a - +0 flail
rCold  . . .     Gourm    .     b - +0 scale mail
rNeg   + . .     Faith    .     c - +0 shield
rPois  ∞         Spirit   .     (no helmet)
rElec  +         Reflect  .     (no cloak)
rCorr  .         Harm     .     (no gloves)
MR     .....                    (no boots)
Stlth  ..........               (no amulet)
                                (no ring)
                                j - -3 ring of dexterity (curse)

@: brilliant
A: negative energy resistance 1, electricity resistance, unbreathing,
petrification resistance, rot immunity, AC +3
a: no special abilities


You were on level 2 of the Dungeon.
You were not hungry.

You visited 1 branch of the dungeon, and saw 2 of its levels.

You collected 60 gold pieces.

Inventory:

Hand Weapons
 a - a +0 flail (weapon)
Armour
 b - a +0 scale mail (worn)
 c - a +0 shield (worn)
Jewellery
 j - a cursed -3 ring of dexterity (left hand)
Scrolls
 l - a scroll of teleportation
Potions
 d - a potion of might
 e - a potion of curing
Books
 k - a book of Misfortune

   Spells                             Type                      Level
   a - Confusing Touch                Hexes                        1
   b - Confuse                        Hexes                        3
   c - Gell's Gravitas                Hexes/Translocation          3
   d - Petrify                        Transmutation/Earth          4
   e - Metabolic Englaciation         Hexes/Ice                    5
   f - Yara's Violent Unravelling     Hexes/Transmutation          5
Comestibles
 f - a bread ration
 g - 2 slices of pizza
 h - 13 chunks of flesh
 i - 3 fruits


   Skills:
 + Level 3.8 Fighting
 + Level 2.7 Maces & Flails
 + Level 3.8 Armour
 + Level 0.2 Dodging
 + Level 3.7 Shields


You had 3 spell levels left.
You didn't know any spells.

Dungeon Overview and Level Annotations

Branches:
Dungeon (2/15)

Altars:


Innate Abilities, Weirdness & Mutations

You are resistant to torment.
Your stone body is resilient. (AC +3)
You are immune to poison.
You resist negative energy. (rN+)
You are resistant to electric shocks. (rElec)
You can survive without breathing.
You are immune to petrification.
You are immune to rotting.


Message History

The gnoll is severely wounded.
You block the gnoll's attack. The gnoll barely misses you.
You hit the gnoll but do no damage.
The gnoll is severely wounded.
You block the gnoll's attack.
The gnoll hits you from afar with a halberd!
* * * LOW HITPOINT WARNING * * *
The gnoll barely misses you.
You are too injured to fight recklessly!
You are too injured to fight recklessly!
You are too injured to fight recklessly!
You are too injured to fight recklessly!
You are too injured to fight recklessly!
You are too injured to fight recklessly!
You are too injured to fight recklessly!
You are too injured to fight recklessly!
You closely miss the gnoll.
The gnoll is severely wounded.
The gnoll hits you from afar with a halberd.
You die...

#........# #.......)# #
###........###..###
#...........).....# #.
#.........##...#..#
####.##.......w.# ..#_#
.....#.#...#####g##
#..#.. .# #......# #g#
.... . ##
##..>..######@# ..... #
#.....#...##.###.......
#
###....................
##................
#.........###....
##........<... ### #
###..........### #
#.............. ##
##...............


You could see a worm and 2 gnolls.

Vanquished Creatures
  A gnoll (D:2)
  An adder (D:2)
  A dart slug (D:1)
  A leopard gecko (D:2)
  A ball python (D:1)
  3 giant cockroaches (D:1)
  A goblin (D:2)
  5 hobgoblins
  4 jackals (D:2)
  A quokka (D:2)
  4 bats
  A frilled lizard (D:1)
  3 kobolds (D:1)
  7 rats (D:1)
34 creatures vanquished.

Notes
Turn   | Place    | Note
-------+----------+-------------------------------------------
     0 | D:1      | JeffiDaFish the Gargoyle Fighter began the quest for the Orb.
     0 | D:1      | Reached XP level 1. HP: 14/14 MP: 1/1
    64 | D:1      | Reached XP level 2. HP: 18/19 MP: 2/2
   292 | D:1      | Reached XP level 3. HP: 21/23 MP: 3/3
   615 | D:2      | Found a faded altar of an unknown god.
   620 | D:2      | Reached XP level 4. HP: 27/29 MP: 4/4
   635 | D:2      | Slain by a gnoll

Action                   |  1- 3 |  4- 6 || total
-------------------------+-------+-------++-------
Melee: Flail             |   130 |     5 ||   135
  Use: Potion            |     5 |       ||     5
       Scroll            |     2 |       ||     2
Armor: Scale mail        |   100 |     4 ||   104
Dodge: Dodged            |    44 |     3 ||    47
Block: Shield            |    94 |     7 ||   101
